 Dungeon Crawl Stone Soup version 0.26.0-10-g1f06aea511 (webtiles) character file.

Game seed: 4847524137822846064

422 Borgoz the Slasher (level 6, 0/52 HPs)
             Began as a Ghoul Gladiator on Jan 18, 2021.
             Was an Initiate of Okawaru.
             Slain by Menkaure (14 damage)
             ... on level 4 of the Dungeon.
             The game lasted 00:03:30 (3392 turns).

Borgoz the Slasher (Ghoul Gladiator)                Turns: 3392, Time: 00:03:30

Health: 0/52       AC:  4    Str: 18      XL:     6   Next: 95%
Magic:  5/5        EV: 13    Int:  3      God:    Okawaru [......]
Gold:   196        SH:  0    Dex: 11 (12) Spells: 5/5 levels left

rFire    + . .     SeeInvis .   a - +0 long sword
rCold    + + .     Faith    .   (no shield)
rNeg     + + +     Spirit   .   m - +0 leather armour (curse)
rPois    ∞         Reflect  .   c - +0 helmet
rElec    .         Harm     .   k - scarf {rC+ rF+}
rCorr    .         Rampage  .   (no gloves)
Will     .....                  (no boots)
Stlth    +.........             (no amulet)
HPRegen  0.00/turn              (no ring)
MPRegen  0.09/turn              (no ring)

@: no status effects
A: claws 1, cold resistance 1, negative energy resistance 3, inhibited
regeneration, torment resistance, unbreathing
a: Renounce Religion


You were on level 4 of the Dungeon.
You worshipped Okawaru.
Okawaru was noncommittal.
You visited 1 branch of the dungeon, and saw 4 of its levels.

You collected 196 gold pieces.

Inventory:

Hand Weapons
 a - a +0 long sword (weapon)
Missiles
 d - 3 throwing nets (quivered)
Armour
 c - a +0 helmet (worn)
 k - a scarf of resistance (worn)
 m - a cursed +0 leather armour (worn)
Jewellery
 o - an uncursed ring of see invisible {unknown}
 x - an uncursed ring of protection from fire {unknown}
Scrolls
 f - a scroll of noise {unknown}
 g - a scroll of immolation {unknown}
 h - 3 scrolls of fear {unknown}
 i - 2 scrolls of teleportation {unknown}
 j - 3 scrolls of fog {unknown}
 n - 2 scrolls of magic mapping {unknown}
 p - a scroll of random uselessness {unknown}
 q - 5 scrolls of identify {unknown}
Potions
 b - 3 potions of mutation {unknown}
 l - a potion of heal wounds {unknown}
 r - a potion of haste {unknown}
 s - 2 potions of magic {unknown}
 t - a potion of lignification {unknown}
 u - 3 potions of cancellation {unknown}
 v - a potion of attraction {unknown}
 w - a potion of might {unknown}
 z - a potion of brilliance {unknown}


   Skills:
 + Level 3.7 Fighting
 * Level 4.5 Long Blades
 - Level 1.7 Throwing
 + Level 2.3 Armour
 * Level 4.3 Dodging
 + Level 0.8 Invocations


You had 5 spell levels left.
You didn't know any spells.
Your spell library was empty.

Dungeon Overview and Level Annotations

Branches:
Dungeon (4/15)
 Temple: D:4-7

Altars:
Okawaru

Annotations:
D:4 Eustachio, Menkaure


Innate Abilities, Weirdness & Mutations

You thrive by killing the living.
You are immune to poison.
You have sharp fingernails.
Your flesh is cold resistant. (rC+)
You are immune to negative energy. (rN+++)
You do not regenerate when monsters are visible.
You are immune to unholy pain and torment.
You can survive without breathing.


Message History

Menkaure hits you!!
* * * LOW HITPOINT WARNING * * *
The worker ant bites you.
* * * LOW HITPOINT WARNING * * *
You closely miss Menkaure.
Menkaure is almost destroyed.
Menkaure barely misses you.
You riposte.
You barely miss Menkaure.
Menkaure is almost destroyed.
The worker ant bites you but does no damage.
Menkaure closely misses you.
You feel better. The worker ant bites you.
* * * LOW HITPOINT WARNING * * *
Menkaure closely misses you.
You feel better. The worker ant bites you. Menkaure completely misses you.
The worker ant bites you.
* * * LOW HITPOINT WARNING * * *
You barely miss Menkaure.
Menkaure is almost destroyed.
Menkaure hits you!
You die...

#..# ########
######..######.......
..................###
#####..######.##.#
#..######.##.# .######
#..#...##.##.# .......
#..#...##.##.###
.....$M##..+...'........
......B@...#...##.##.###
........................
..###.###..#............
#.. #..#...#.....#..
##..##..#...#.....#..
.....................
#..........##+##.#..
###..##..##...........
.....#..##...........


You could see Menkaure (fast) and a worker ant.

Vanquished Creatures
  An ice beast (D:3)
  Blork the orc (D:4)
  A centaur skeleton (D:3)
  A worker ant (D:3)
  A hound skeleton (D:3)
  A worker ant zombie (D:3)
  9 adders
  An ooze (D:1)
  An adder skeleton (D:3)
  A worm (D:2)
  A dart slug (D:2)
  3 leopard geckos
  4 orcs
  6 bats
  2 giant cockroaches (D:2)
  10 goblins
  12 hobgoblins
  8 jackals
  2 quokkas
  5 frilled lizards
  A giant cockroach zombie (D:3)
  9 kobolds
  A leopard gecko zombie (D:3)
  A quokka zombie (D:3)
  6 rats
89 creatures vanquished.

Notes
Turn   | Place    | Note
-------+----------+-------------------------------------------
     0 | D:1      | Borgoz the Ghoul Gladiator began the quest for the Orb.
     0 | D:1      | Reached XP level 1. HP: 17/17 MP: 0/0
   125 | D:1      | Reached XP level 2. HP: 19/25 MP: 1/1
   846 | D:2      | Reached XP level 3. HP: 29/30 MP: 2/2
  1074 | D:2      | Found a faded altar of an unknown god.
  1084 | D:2      | Reached skill level 1 in Armour
  1141 | D:2      | Reached XP level 4. HP: 20/37 MP: 3/3
  2166 | D:3      | Noticed an ice beast
  2177 | D:3      | Killed an ice beast
  2178 | D:3      | Reached XP level 5. HP: 26/45 MP: 4/4
  2348 | D:3      | Reached XP level 6. HP: 36/51 MP: 5/5
  2664 | D:3      | Found an iron altar of Okawaru.
  2755 | D:3      | Became a worshipper of Warmaster Okawaru
  2985 | D:4      | Noticed Blork the orc
  2998 | D:4      | Killed Blork the orc
  3154 | D:4      | Noticed Eustachio
  3381 | D:4      | Noticed Menkaure
  3392 | D:4      | Slain by Menkaure

Illustrated notes

Levels and vault maps discovered:
D:1:      heliophobic_arrival_enchanted_forest, layout_basic, fountainhead
D:2:      layout_basic, chequers_ecumenical_altar_twisty
D:3:      layout_rooms, serial_undead, serial_undead_f, serial_undead_a,
          serial_undead_e, serial_undead_b, okawaru_gym_becter
D:4:      layout_basic, uniq_blork_the_orc, uniq_menkaure, uniq_eustachio

Skill      XL: |  1  2  3  4  5  6 |
---------------+-------------------+-----
Long Blades    | 3 4 |  4.5
Dodging        | 3 4 |  4.3
Armour         | 1 2 |  2.3
Fighting       | 3 |  3.7
Throwing       | |  1.7
Invocations    | |  0.8

Action                   |  1- 3 |  4- 6 || total
-------------------------+-------+-------++-------
Melee: Long sword        |    88 |   194 ||   282
Throw: Throwing net      |       |     1 ||     1
  Use: Potion            |       |     3 ||     3
 Stab: Distracted        |     1 |       ||     1
Armor: Leather armour    |    35 |    61 ||    96
Dodge: Dodged            |    61 |   179 ||   240
       Rpst.: Long sword |    24 |    70 ||    94
